[ AOE2 MATCH · #505128728 ]
UnrankedItalians vs Turks
Player's team · LOSS
Rival team · WIN
[ REPLAY ANALYSIS · EXTRACTED FROM THE RECORDED GAME ]
Feudal
—
Castle
—
Imperial
—
| APM avg | 18.9 |
| APM peak | 47 |
| eAPM avg | 11.1 |
| Villagers / military | 44 / 15 |
Focus
⚔️ 18.0% · 🌾 82.0%
Archer ×11 · Militia ×3 · Spearman ×1
Feudal
—
Castle
—
Imperial
—
| APM avg | 21.7 |
| APM peak | 90 |
| eAPM avg | 13.7 |
| Villagers / military | 39 / 20 |
Focus
⚔️ 25.6% · 🌾 74.4%
Scout Cavalry ×17 · Militia ×3
Match map
Initial resources + every placement click. Lines = walls · curves = elevation contours. ◆ gold · ⬟ stone · ● berries · ✦ relic · ◌ wall gap
Your base· Open — 5t gap
aa3099's base· Open — opponent sealed themselves in
Smoothed initial terrain · ◌ = detected wall gap · hover for details
Inputs per minute
— shwajackson - - aa3099
Build order — shwajackson
121 actions detected in the replay
| 0:01 | Queue | Villager (Male) |
| 0:01 | Queue | Villager (Male) |
| 0:02 | Queue | Villager (Male) |
| 0:02 | Queue | Villager (Male) |
| 0:04 | Build | Barracks |
| 0:09 | Build | House |
| 0:11 | Build | House |
| 1:44 | Queue | Villager (Male) |
| 1:51 | Build | Lumber Camp |
| 2:09 | Queue | Villager (Male) |
| 2:35 | Queue | Villager (Male) |
| 3:00 | Queue | Villager (Male) |
| 3:24 | Queue | Villager (Male) |
| 3:54 | Queue | Villager (Male) |
| 4:00 | Build | House |
| 4:09 | Queue | Villager (Male) |
| 4:22 | Build | Mill |
| 4:58 | Queue | Villager (Male) |
| 4:58 | Queue | Villager (Male) |
| 5:28 | Build | Mill |
| 5:32 | Queue | Villager (Male) |
| 5:58 | Queue | Villager (Male) |
| 6:34 | Research | Loom |
| 6:54 | Build | Barracks |
| 7:04 | Queue | Villager (Male) |
| 7:35 | Research | Feudal Age |
| 8:22 | Build | Mining Camp |
| 8:35 | Build | House |
| 8:38 | Queue | Militia |
| 8:39 | Queue | Militia |
| 9:07 | Build | House |
| 9:32 | Queue | Villager (Male) |
| 9:33 | Queue | Villager (Male) |
| 9:37 | Queue | Militia |
| 10:16 | Build | Archery Range |
| 10:30 | Queue | Villager (Male) |
| 10:33 | Build | House |
| 10:35 | Build | House |
| 11:01 | Build | Farm |
| 11:01 | Build | Farm |
| 11:03 | Queue | Villager (Male) |
| 11:04 | Queue | Villager (Male) |
| 11:16 | Research | Man-at-Arms (upgrade) |
| 11:26 | Queue | Archer |
| 11:32 | Build | House |
| 11:34 | Build | Farm |
| 11:45 | Queue | Villager (Male) |
| 12:08 | Build | Blacksmith |
| 12:21 | Queue | Villager (Male) |
| 12:21 | Queue | Villager (Male) |
| 12:40 | Build | Farm |
| 12:43 | Build | Farm |
| 12:55 | Build | House |
| 13:01 | Queue | Archer |
| 13:06 | Build | Farm |
| 13:24 | Queue | Villager (Male) |
| 13:31 | Build | Farm |
| 13:40 | Build | House |
| 13:44 | Build | Palisade Wall |
| 13:48 | Queue | Villager (Male) |
| 13:52 | Build | Farm |
| 14:03 | Build | Palisade Wall |
| 14:14 | Queue | Villager (Male) |
| 14:20 | Queue | Archer |
| 14:23 | Build | House |
| 14:33 | Build | House |
| 14:39 | Build | Palisade Wall |
| 14:44 | Build | Palisade Wall |
| 14:45 | Queue | Villager (Male) |
| 14:51 | Build | Farm |
| 14:59 | Build | Farm |
| 15:05 | Queue | Villager (Male) |
| 15:08 | Queue | Archer |
| 15:20 | Queue | Archer |
| 15:28 | Build | Farm |
| 15:31 | Queue | Villager (Male) |
| 15:48 | Queue | Villager (Male) |
| 15:52 | Queue | Archer |
| 16:00 | Build | Mill |
| 16:18 | Queue | Villager (Male) |
| 16:24 | Build | Farm |
| 16:35 | Research | Double-Bit Axe |
| 16:36 | Queue | Villager (Male) |
| 16:42 | Queue | Archer |
| 16:57 | Build | Farm |
| 16:59 | Queue | Villager (Male) |
| 17:02 | Queue | Archer |
| 17:13 | Research | Fletching |
| 17:20 | Build | Farm |
| 17:30 | Build | Farm |
| 17:31 | Queue | Villager (Male) |
| 17:48 | Queue | Archer |
| 17:50 | Queue | Villager (Male) |
| 18:04 | Build | Lumber Camp |
| 18:06 | Queue | Villager (Male) |
| 18:24 | Build | Farm |
| 18:26 | Queue | Archer |
| 18:37 | Queue | Villager (Male) |
| 18:55 | Build | Farm |
| 19:01 | Build | Farm |
| 19:05 | Queue | Villager (Male) |
| 19:24 | Build | Farm |
| 19:32 | Queue | Archer |
| 19:48 | Build | House |
| 19:53 | Build | House |
| 19:54 | Build | Farm |
| 19:56 | Queue | Villager (Male) |
| 20:07 | Queue | Spearman |
| 20:10 | Research | Castle Age |
| 20:18 | Build | House |
| 21:41 | Queue | Villager (Male) |
| 22:05 | Queue | Villager (Male) |
| 23:01 | Build | Stable |
| 23:07 | Research | Bodkin Arrow |
| 23:14 | Build | Farm |
| 23:19 | Research | Horse Collar |
| 23:24 | Research | Gold Mining |
| 23:36 | Queue | Villager (Male) |
| 24:13 | Build | Palisade Gate |
| 24:17 | Queue | Villager (Male) |
| 24:20 | Research | Crossbowman (upgrade) |
Build order — aa3099
129 actions detected in the replay
| 0:00 | Queue | Villager (Male) |
| 0:01 | Queue | Villager (Male) |
| 0:01 | Queue | Villager (Male) |
| 0:04 | Build | House |
| 0:08 | Build | House |
| 0:27 | Queue | Villager (Male) |
| 1:22 | Queue | Villager (Male) |
| 1:57 | Build | Lumber Camp |
| 2:03 | Queue | Villager (Male) |
| 2:19 | Queue | Villager (Male) |
| 2:53 | Queue | Villager (Male) |
| 3:07 | Queue | Villager (Male) |
| 3:39 | Queue | Villager (Male) |
| 3:52 | Build | House |
| 4:01 | Queue | Villager (Male) |
| 4:09 | Build | House |
| 4:34 | Queue | Villager (Male) |
| 5:01 | Queue | Villager (Male) |
| 5:01 | Queue | Villager (Male) |
| 5:08 | Build | Mill |
| 5:45 | Queue | Villager (Male) |
| 5:46 | Queue | Villager (Male) |
| 6:23 | Build | House |
| 6:27 | Build | Barracks |
| 6:38 | Queue | Villager (Male) |
| 6:39 | Research | Loom |
| 7:53 | Research | Feudal Age |
| 8:23 | Queue | Militia |
| 8:36 | Build | Lumber Camp |
| 9:04 | Queue | Militia |
| 9:04 | Queue | Militia |
| 9:07 | Queue | Villager (Male) |
| 9:15 | Build | Palisade Wall |
| 9:16 | Build | Palisade Wall |
| 9:30 | Build | Palisade Wall |
| 9:31 | Build | Palisade Wall |
| 9:37 | Build | Palisade Wall |
| 9:40 | Build | Palisade Wall |
| 10:05 | Research | Man-at-Arms (upgrade) |
| 10:15 | Build | Palisade Wall |
| 10:17 | Build | Palisade Wall |
| 10:21 | Queue | Villager (Male) |
| 10:24 | Research | Horse Collar |
| 10:54 | Queue | Villager (Male) |
| 10:57 | Build | Farm |
| 10:59 | Build | Farm |
| 11:01 | Build | Farm |
| 11:02 | Build | Farm |
| 11:41 | Queue | Villager (Male) |
| 11:46 | Build | Farm |
| 11:48 | Build | Farm |
| 11:50 | Queue | Villager (Male) |
| 12:05 | Build | Mill |
| 12:29 | Build | House |
| 12:32 | Build | Stable |
| 12:36 | Queue | Villager (Male) |
| 12:40 | Build | Farm |
| 12:41 | Queue | Villager (Male) |
| 13:19 | Queue | Villager (Male) |
| 13:27 | Build | Farm |
| 13:28 | Queue | Villager (Male) |
| 13:45 | Research | Wheelbarrow |
| 13:47 | Build | Farm |
| 14:26 | Queue | Villager (Male) |
| 14:29 | Queue | Scout Cavalry |
| 14:30 | Queue | Villager (Male) |
| 14:57 | Queue | Scout Cavalry |
| 15:25 | Build | Farm |
| 15:32 | Build | Farm |
| 15:36 | Build | House |
| 15:37 | Build | House |
| 15:40 | Queue | Villager (Male) |
| 15:43 | Queue | Scout Cavalry |
| 15:47 | Build | Farm |
| 15:50 | Build | Farm |
| 15:53 | Build | Farm |
| 15:57 | Build | Farm |
| 16:10 | Queue | Villager (Male) |
| 16:13 | Queue | Scout Cavalry |
| 16:37 | Queue | Villager (Male) |
| 16:40 | Queue | Scout Cavalry |
| 16:40 | Queue | Scout Cavalry |
| 16:50 | Build | Mining Camp |
| 17:13 | Build | Blacksmith |
| 17:21 | Build | House |
| 17:24 | Queue | Villager (Male) |
| 17:28 | Queue | Scout Cavalry |
| 17:39 | Research | Gold Mining |
| 17:49 | Queue | Villager (Male) |
| 17:54 | Queue | Villager (Male) |
| 17:57 | Build | Palisade Wall |
| 18:02 | Build | Palisade Wall |
| 18:10 | Research | Forging |
| 18:10 | Research | Scale Barding Armor |
| 18:16 | Queue | Villager (Male) |
| 18:42 | Queue | Villager (Male) |
| 18:50 | Build | Stable |
| 19:02 | Research | Bloodlines |
| 19:03 | Queue | Scout Cavalry |
| 19:07 | Build | House |
| 19:34 | Queue | Villager (Male) |
| 19:45 | Build | House |
| 20:21 | Queue | Villager (Male) |
| 20:49 | Build | Gate |
| 20:55 | Research | Castle Age |
| 21:14 | Build | House |
| 21:17 | Build | Stable |
| 21:18 | Build | House |
| 21:41 | Queue | Scout Cavalry |
| 21:42 | Queue | Scout Cavalry |
| 21:42 | Queue | Scout Cavalry |
| 21:48 | Build | House |
| 21:55 | Build | House |
| 21:58 | Build | House |
| 22:15 | Queue | Scout Cavalry |
| 22:15 | Queue | Scout Cavalry |
| 22:24 | Build | Farm |
| 22:31 | Build | Mining Camp |
| 22:36 | Queue | Scout Cavalry |
| 22:37 | Queue | Scout Cavalry |
| 22:54 | Research | Fletching |
| 23:09 | Queue | Scout Cavalry |
| 23:09 | Queue | Scout Cavalry |
| 23:12 | Queue | Villager (Male) |
| 23:24 | Build | Farm |
| 23:40 | Research | Heavy Plow |
| 24:06 | Research | Husbandry |
| 24:10 | Build | Farm |
| 24:46 | Research | Double-Bit Axe |
Match timeline
| 0:04 | shwajackson · first_building Barracks |
| 6:27 | aa3099 · first_building Barracks |
| 9:15 | aa3099 · wall_segment Palisade Wall x1 |
| 9:16 | aa3099 · wall_segment Palisade Wall x1 |
| 9:30 | aa3099 · wall_segment Palisade Wall x1 |
| 9:31 | aa3099 · wall_segment Palisade Wall x1 |
| 9:37 | aa3099 · wall_segment Palisade Wall x1 |
| 9:40 | aa3099 · wall_segment Palisade Wall x1 |
| 10:15 | aa3099 · wall_segment Palisade Wall x1 |
| 10:16 | shwajackson · first_building Archery Range |
| 10:17 | aa3099 · wall_segment Palisade Wall x1 |
| 12:32 | aa3099 · first_building Stable |
| 13:44 | shwajackson · wall_segment Palisade Wall x1 |
| 14:03 | shwajackson · wall_segment Palisade Wall x14 |
| 14:39 | shwajackson · wall_segment Palisade Wall x5 |
| 14:44 | shwajackson · wall_segment Palisade Wall x13 |
| 17:57 | aa3099 · wall_segment Palisade Wall x1 |
| 18:02 | aa3099 · wall_segment Palisade Wall x1 |
| 23:01 | shwajackson · first_building Stable |
| 24:52 | shwajackson · resign |
[ AI ANALYSIS · 1 CREDIT ]
What really happened in this match?
Wolo.gg analyzes every decision: build order, eco, micro, common mistakes by bracket. Personalized analysis on WhatsApp or Discord in 30 seconds.
Civ guide
Italians
Perfil
Jugador #19728460